 Dungeon Crawl Stone Soup version 0.32-a0-898-g7811c86cf0 (webtiles) character file.

Game seed: 2692663510916200017

436 wildpjah the Charlatan (level 6, 0/48 HPs)
             Began as a Mountain Dwarf Artificer on Apr 4, 2024.
             Slain by an orc priest
             ... wielding a +0 falchion
              (4 damage)
             ... on level 4 of the Dungeon.
             The game lasted 00:08:27 (4231 turns).

wildpjah the Charlatan (Mountain Dwarf Artificer)   Turns: 4231, Time: 00:08:27

Health: 0/48       AC:  5    Str: 16    XL:     6   Next: 69%
Magic:  6/6        EV: 10    Int: 12    God:
Gold:   162        SH:  0    Dex: 10    Spells: 5/5 levels left

rFire   . . .        o - staff of death
rCold   . . .        (no shield)
rNeg    + . .        f - +0 ring mail
rPois   .            k - +0 hat
rElec   .            (no cloak)
rCorr   .            (no gloves)
SInv    .            (no boots)
Will    .....        (no amulet)
Stlth   +            (no ring)
HPRegen 0.28/turn    (no ring)
MPRegen 0.10/turn

%: no passive effects
@: no status effects
A: runic magic, artefact enchanting
a: Convert to Beogh


You were on level 4 of the Dungeon.
You visited 1 branch of the dungeon, and saw 4 of its levels.

You collected 162 gold pieces.

Inventory:

Hand Weapons
 a - a +0 club
 g - a +0 dagger
 r - a +1 antimagic scythe
Missiles
 i - 12 poisoned darts
Armour
 b - a +0 leather armour
 f - a +0 ring mail (worn)
 k - a +0 hat (worn)
Magical Staves
 o - a staff of death (weapon)
Jewellery
 h - an amulet of regeneration
Wands
 d - a wand of charming (9)
 e - a wand of iceblast (2) (quivered)
Scrolls
 l - 3 scrolls of identify
 q - a scroll of fear
 s - a scroll of blinking
Potions
 j - a potion of heal wounds
 m - a potion of magic
 n - a potion of curing {unknown}
 p - a potion of haste


   Skills:
 + Level 2.1 Fighting
 * Level 3.1 Staves
 + Level 0.5 Throwing
 + Level 4.3 Armour
 + Level 1.8 Dodging
 + Level 1.0 Stealth
 * Level 2.0 Necromancy
 * Level 4.7 Evocations


You had 5 spell levels left.
You didn't know any spells.
Your spell library was empty.

Dungeon Overview and Level Annotations

Branches:
Dungeon (4/15)
 Temple: D:4-7

Altars:

Annotations:
D:4 Robin


Innate Abilities, Weirdness & Mutations

Your spellcasting is much less encumbered by armour.
You can use scrolls of enchantment on lesser artefacts.


Message History

The mass of ice explodes!
The iceblast engulfs the orc priest!!
You kill the orc priest!
The iceblast engulfs the phantom!
The phantom partially resists.
The phantom is severely damaged.
The phantom hits you.
* * * LOW HITPOINT WARNING * * *
The phantom blinks!
You blink.
You hit the phantom.
The phantom is almost destroyed.
The phantom hits you.
* * * LOW HITPOINT WARNING * * *
The phantom blinks!
You blink.
You barely miss the phantom.
The phantom is almost destroyed.
The phantom barely misses you.
You hit the phantom but do no damage.
The phantom is almost destroyed.
The phantom hits you.
* * * LOW HITPOINT WARNING * * *
You hit the phantom.
The phantom is almost destroyed.
The phantom hits you.
* * * LOW HITPOINT WARNING * * *
The phantom blinks!
You blink.
Aiming: Iceblast
Press: ? - help, Q - select action, (/) - cycle Shift-Dir - straight line The mass of ice explodes!
The iceblast engulfs the phantom!
The phantom partially resists.
You destroy the phantom!
You feel a bit more experienced.
Your Staves skill increases to level 3!
Your Necromancy skill increases to level 2!
You start resting.
An orc comes into view. It is wielding a +0 whip.
An orc priest is nearby!
You start resting.
An orc priest is nearby!
You closely miss the orc priest.
The orc priest hits you with a +0 falchion.
You die...

.......h.÷.)o.....o.#####..$.....
......§###................o......
###.#h####.#........######.......
#.§.###..##...##.## #.......
##§..#.)####...#.# #.......
####.....## ###..o#######.......
...)..#...########.......#.#.....
...o..###.......#...# #.#.####..
......# #######.@o..# #...####..
......# ##....# ##........
.....># #....# ##<.#.... ......#
#....# #.## #.. ......# ##...#
### .. ......# #...# #...# ...#


You could see an orc priest and an orc (wandering).

Vanquished Creatures
  Sigmund (D:4)
  A phantom (D:4)
  An orc priest (D:4)
  An orc wizard (D:3)
  5 adders
  3 ribbon worms
  3 dart slugs
  4 orcs
  4 ball pythons
  8 endoplasms
  4 giant cockroaches
  8 goblins
  9 hobgoblins
  4 quokkas
  11 bats
  4 frilled lizards
  5 kobolds
  7 rats
83 creatures vanquished.

Vanquished Creatures (collateral kills)
  An adder (D:4)
  An orc (D:4)
  A kobold (D:4)
3 creatures vanquished.

Vanquished Creatures (others)
  A scorpion (D:4)
  A hound (D:4)
2 creatures vanquished.

Grand Total: 88 creatures vanquished

Notes
Turn   | Place    | Note
-------+----------+-------------------------------------------
     0 | D:1      | wildpjah the Mountain Dwarf Artificer began the quest for
                  | the Orb.
     0 | D:1      | Reached XP level 1. HP: 16/16 MP: 1/1
   224 | D:1      | Reached XP level 2. HP: 21/23 MP: 2/2
   840 | D:1      | Found a faded altar of an unknown god.
   959 | D:2      | Reached skill level 1 in Dodging
  1035 | D:2      | Reached XP level 3. HP: 27/28 MP: 3/3
  1050 | D:2      | Reached skill level 1 in Stealth
  1267 | D:2      | HP: 1/28 [poisoned by an adder]
  2349 | D:2      | Reached XP level 4. HP: 23/35 MP: 4/4
  3576 | D:4      | Noticed Sigmund
  3598 | D:4      | Killed Sigmund
  3599 | D:4      | Reached skill level 1 in Necromancy
  3599 | D:4      | Reached XP level 5. HP: 7/41 MP: 0/5
  3599 | D:4      | Reached XP level 6. HP: 8/48 MP: 0/6
  3795 | D:4      | HP: 2/48 [orc/+0 short sword (4)]
  4060 | D:4      | Noticed Robin
  4224 | D:4      | HP: 2/48 [phantom (6)]
  4231 | D:4      | Slain by an orc priest

Illustrated notes

Levels and vault maps discovered:
D:1:      lightli_arrival_maybe_door_vault, layout_loops_ring,
          hellmonk_ecumenical_altar_leap_of_faith
D:2:      layout_loops_corners, nrook_campfire, minmay_cupped
D:3:      layout_loops_ring
D:4:      cheibrodos_pilgrimage, layout_rooms, nicolae_the_louvre, uniq_sigmund,
          uniq_robin, uniq_blork_the_orc

Skill      XL: |  1  2  3  4  5  6 |
---------------+-------------------+-----
Dodging        | 1 |  1.8
Stealth        | 1 |  1.0
Armour         | 3 4 |  4.3
Evocations     | 4 |  4.7
Staves         | 2 3 |  3.1
Necromancy     | 1 2 |  2.0
Fighting       | 2 |  2.1
Throwing       | |  0.5

Action                     |  1- 3 |  4- 6 || total
---------------------------+-------+-------++-------
  Melee: Dagger            |   287 |       ||   287
         Club              |     7 |       ||     7
         Staff             |    19 |   216 ||   235
  Throw: Dart              |       |     6 ||     6
  Evoke: Wand              |    15 |     9 ||    24
    Use: Potion            |     2 |     2 ||     4
         Scroll            |     1 |     5 ||     6
   Stab: Sleeping          |     1 |       ||     1
 Armour: Leather armour    |   205 |       ||   205
         Ring mail         |    13 |   218 ||   231
  Dodge: Dodged            |   198 |   128 ||   326

Table legend: (Time is in decaauts)
 A = Elapsed time spent in this place.
 B = Non-inter-level travel time spent in this place.
 C = Inter-level travel time spent in this place.
 D = Time resting spent in this place.
 E = Time spent auto-exploring this place.
 F = Levels seen in this place.
 G = Mean time per level.
                   A        B        C        D        E       F      G
               +--------+--------+--------+--------+--------+-----+--------+
         Total |   4271 |   4089 |    182 |    321 |   2672 |   4 | 1067.8 |
       Dungeon |   4271 |   4089 |    182 |    321 |   2672 |   4 | 1067.8 |
               +--------+--------+--------+--------+--------+-----+--------+

Top non-repeatable levels by time:
     D:2: 1578 daAuts
     D:3: 1323 daAuts
     D:1: 1041 daAuts
     D:4: 328 daAuts
